 Dungeon Crawl Stone Soup version 0.28-b1-1-g3c77fb2ed1 (webtiles) character file.

Game seed: 2298739703253746167

6 cayde69 the Chopper (level 1, 0/19 HPs)
             Began as a Hill Orc Cinder Acolyte on Jan 29, 2022.
             Was a High Priest of Ignis.
             Slain by a gnoll (8 damage)
             ... on level 1 of the Dungeon.
             The game lasted 00:01:56 (295 turns).

cayde69 the Chopper (Hill Orc Cinder Acolyte)        Turns: 295, Time: 00:01:56

Health: 0/19       AC:  2    Str: 16    XL:     1   Next: 90%
Magic:  2/2        EV: 11    Int: 14    God:    Ignis [*****.]
Gold:   6          SH:  0    Dex:  6    Spells: 2/2 levels left

rFire   + . .      SeeInvis .   a - -1 hand axe (flame)
rCold   . . .      Faith    .   (no shield)
rNeg    . . .      Spirit   .   b - +0 robe
rPois   .          Reflect  .   (no helmet)
rElec   .          Harm     .   (no cloak)
rCorr   .          Rampage  .   (no gloves)
Will    .....                   (no boots)
Stlth   +.........              (no amulet)
HPRegen 0.06/turn               (no ring)
MPRegen 0.08/turn               (no ring)

@: no status effects
A: no striking features
a: Renounce Religion, Fiery Armour, Foxfire Swarm, Rising Flame


You were on level 1 of the Dungeon.
You worshipped Ignis.
Ignis was extremely pleased with you.
You visited 1 branch of the dungeon, and saw 1 of its levels.

You collected 6 gold pieces.

Inventory:

Hand Weapons
 a - a -1 hand axe of flaming (weapon)
Armour
 b - a +0 robe (worn)
Scrolls
 c - a scroll of summoning {unknown}
 e - a scroll of teleportation {unknown}
Potions
 d - 2 potions of flight {unknown}


   Skills:
 - Level 3.6 Fighting
 + Level 4.5 Axes
 + Level 1.0 Spellcasting
 + Level 3.4 Fire Magic


You had 2 spell levels left.
You didn't know any spells.
Your spell library contained the following spells:

 Spells                   Type           Power      Damage    Failure   Level
 Scorch                   Fire           20%        2d6       10%         2


Dungeon Overview and Level Annotations

Branches:
Dungeon (1/15)

Altars:


Message History

You hit the rat. You burn the rat.
You kill the rat!
No target in view!
No target in view!
c - a scroll labelled NAS KODWOPLI
d - 2 bubbling pink potions HP restored.
You now have 6 gold pieces.
A quokka comes into view.
The quokka closely misses you.
You completely miss the quokka. The quokka bites you.
You barely miss the quokka. The quokka barely misses you. The quokka bites you.
You barely miss the quokka. The quokka barely misses you.
You hit the quokka. You burn the quokka.
You kill the quokka!
No target in view!
You see here a quokka corpse.
You see here a quokka corpse.
You see here a quokka corpse.
Found a stone staircase leading down.
e - a scroll labelled JORROSAAD A quokka comes into view.
The quokka completely misses you.
You barely miss the quokka. The quokka barely misses you.
You closely miss the quokka. The quokka bites you.
You barely miss the quokka. The quokka bites you. The quokka barely misses you.
You hit the quokka. You burn the quokka.
You kill the quokka!
You see here a quokka corpse.
Found a hand axe.
A gnoll comes into view.
It is wielding a +1 spear of distortion.
The gnoll hits you with a +1 spear of distortion.
Space warps horribly around you!
You are too injured to fight recklessly!
You are too injured to fight recklessly!
You are too injured to fight recklessly!
You hit the gnoll. You burn the gnoll.
The gnoll is moderately wounded.
The gnoll hits you with a +1 spear of distortion!
You die...

##.###.... #..
......... ...
#.##.##.# #.#
#.##.##.# #..
#.>.....# #.####
###...### #.. .# #
#..#.# #g# .# .#
#....# #@##.##.#
#.#### #.......#
#.### ##.....##
#...# #.....# ###.#
###.....# #.#
#.......# #.# .
#...##### #.#
#.###...##########.#
#..........##...##.#


You could see a gnoll.

Vanquished Creatures
  A bat (D:1)
  A hobgoblin (D:1)
  2 quokkas (D:1)
  A rat (D:1)
5 creatures vanquished.

Notes
Turn   | Place    | Note
-------+----------+-------------------------------------------
     0 | D:1      | cayde69 the Hill Orc Cinder Acolyte began the quest for the
                  | Orb.
     0 | D:1      | Reached XP level 1. HP: 19/19 MP: 2/2
   295 | D:1      | Slain by a gnoll

Illustrated notes

Levels and vault maps discovered:
D:1:      zelgadis_glass_arrival_small, layout_loops_cross

Action                   || total
-------------------------++-------
Melee: Hand axe          ||    14
Armor: Robe              ||     1
Dodge: Dodged            ||    10
